 Dungeon Crawl Stone Soup version 0.19.0-11-g3fc08b3 (webtiles) character file.

62 Stormleaks the Charmwright (level 3, -7/27 HPs)
             Began as a Vampire Skald on Nov 8, 2016.
             Was a Follower of Qazlal.
             Killed by divine providence
             ... invoked by an orc priest
              (11 damage)
             ... on level 3 of the Dungeon.
             The game lasted 00:12:13 (1742 turns).

Stormleaks the Charmwright (Vampire Skald)          Turns: 1742, Time: 00:12:14

Health: -7/27      AC:  7    Str: 11    XL:     3   Next: 85%
Magic:  2/6        EV: 12    Int: 14    God:    Qazlal [*.....]
Gold:   101        SH:  1    Dex: 14    Spells: 3 memorised, 1 level left

rFire  . . .     SeeInvis +     a - +0 falchion
rCold  . . .     Gourm    .     b - +0 leather armour
rNeg   + . .     Faith    .     (no shield)
rPois  .         Spirit   .     j - +0 helmet
rElec  .         Reflect  .     (no cloak)
rCorr  .         Harm     .     (no gloves)
MR     .....                    f - +2 pair of boots
Stlth  ++........               (no amulet)
                                (no ring)
                                (no ring)

@: infused, singing
A: fangs 3, see invisible, unbreathing
a: Bat Form, Renounce Religion, Stop Singing


You were on level 3 of the Dungeon.
You worshipped Qazlal.
Qazlal was aware of your devotion.
You were not thirsty.

You visited 1 branch of the dungeon, and saw 3 of its levels.

You collected 101 gold pieces.

Inventory:

Hand Weapons
 a - a +0 falchion (weapon)
 p - a +0 hunting sling
Armour
 b - a +0 leather armour (worn)
 f - a +2 pair of boots (worn)
 j - a +0 helmet (worn)
 l - a +0 cloak
 m - a +0 pair of boots
Jewellery
 h - an uncursed ring of stealth {unknown}
Scrolls
 g - 3 scrolls of identify
 i - a scroll of blinking {unknown}
 q - a scroll of remove curse {unknown}
 r - a scroll of magic mapping {unknown}
 s - a scroll of noise {unknown}
 t - a scroll of teleportation {unknown}
Potions
 d - a potion of blood
 e - a potion of beneficial mutation {unknown}
 k - a potion of cancellation {unknown}
 o - 2 potions of might {unknown}
 u - a potion of lignification {unknown}
Books
 c - a book of Battle

   Spells                             Type                      Level
   a - Infusion                       Charms                       1
   b - Shroud of Golubria             Charms/Translocation         2
   c - Song of Slaying                Charms                       2
   d - Spectral Weapon                Hexes/Charms                 3
   e - Regeneration                   Charms/Necromancy            3
Comestibles
 n - 5 fruits


   Skills:
 + Level 2.0 Fighting
 + Level 2.4 Long Blades
 + Level 1.0 Armour
 + Level 1.7 Dodging
 + Level 1.9 Stealth
 + Level 1.0 Unarmed Combat
 + Level 2.1 Spellcasting
 + Level 3.8 Charms


You had one spell level left.
You knew the following spells:

 Your Spells              Type           Power        Failure   Level  Hunger
a - Infusion              Chrm           ##..         10%         1    #......
b - Song of Slaying       Chrm           ##......     12%         2    ###....
c - Shroud of Golubria    Chrm/Tloc      #.........   24%         2    ###....


Dungeon Overview and Level Annotations

Branches:
Dungeon (2/15)

Altars:
Qazlal


Innate Abilities, Weirdness & Mutations

You have razor-sharp teeth.
You have supernaturally acute eyesight. (SInv)
You can survive without breathing.


Message History

An orc wizard comes into view. It is wielding a dagger.
The orc wizard shouts!
You hit the orc but do no damage. The orc hits you with a club.
The orc wizard gestures wildly while chanting.
The orc wizard seems to speed up.
You hit the orc. You bite the orc, but do no damage.
The orc is heavily wounded.
The orc hits you but does no damage.
An orc priest comes into view.
The orc priest shouts!
You hit the orc but do no damage.
The orc is heavily wounded.
The orc priest invokes the aid of Beogh against you.
Beogh smites you!
* * * LOW HITPOINT WARNING * * *
The orc wizard mumbles some strange words.
The orc wizard blinks!
The orc priest mumbles some strange prayers to Beogh against you.
Beogh smites you!
You die...

#######
##.....#
##......#
##...o...#
###.##o@#†....#
#..o§o.###.####
#..#.#### #.# #
#.# #.# #.# #.#
#.# #.#


You could see an orc priest, an orc wizard and 2 orcs.

Vanquished Creatures
  An adder (D:2)
  An ooze (D:2)
  5 dart slugs
  A leopard gecko (D:1)
  9 bats
  2 giant cockroaches
  2 hobgoblins (D:1)
  2 ball pythons (D:1)
  2 frilled lizards
  3 goblins
  5 kobolds
  6 rats
39 creatures vanquished.

Notes
Turn   | Place    | Note
-------+----------+-------------------------------------------
     0 | D:1      | Stormleaks the Vampire Skald began the quest for the Orb.
     0 | D:1      | Reached XP level 1. HP: 16/16 MP: 3/3
    88 | D:1      | Reached XP level 2. HP: 18/22 MP: 5/5
   308 | D:1      | Reached skill level 1 in Armour
   379 | D:1      | Learned a level 2 spell: Song of Slaying
   382 | D:1      | Learned a level 2 spell: Shroud of Golubria
  1038 | D:2      | Reached XP level 3. HP: 27/27 MP: 6/6
  1226 | D:2      | Reached skill level 1 in Stealth
  1325 | D:2      | Found a faded altar of an unknown god.
  1381 | D:2      | Became a worshipper of Qazlal Stormbringer
  1381 | D:2      | Reached * piety under Qazlal
  1664 | D:2      | Reached skill level 1 in Unarmed Combat
  1676 | D:2      | You fall through a shaft!
  1742 | D:3      | Killed from afar by an orc priest

Skill      XL: |  1  2  3 |
---------------+----------+-----
Fighting       | 2 |  2.0
Armour         | 1 |  1.0
Stealth        | 1 |  1.9
Unarmed Combat | 1 |  1.0
Long Blades    | |  2.4
Dodging        | |  1.7
Spellcasting   | |  2.1
Charms         | |  3.8

Action                   || total
-------------------------++-------
Melee: Falchion          ||    63
       Bite              ||    19
       Unarmed           ||    93
 Cast: Infusion          ||     8
       Song of Slaying   ||     3
 Abil: End Transformatio ||     1
       Bat Form          ||     1
  Use: Scroll            ||     1
 Stab: Sleeping          ||     5
  Eat: Corpse            ||     4
Armor: Leather armour    ||    42
Dodge: Dodged            ||   121
       Rpst.: Falchion   ||    17
